 Dungeon Crawl Stone Soup version 0.18.1-50-g88ac8fd (webtiles) character file.

92 Crag the Stinger (level 4, -4/58 HPs)
             Began as a Naga Venom Mage on Sept 18, 2016.
             Killed by divine providence
             ... invoked by an orc priest
              (10 damage)
             ... on level 3 of the Dungeon.
             The game lasted 00:14:28 (2171 turns).

Crag the Stinger (Naga Venom Mage)                  Turns: 2171, Time: 00:14:29

Health: -4/58      AC: 22    Str: 10 (12) XL:     4   Next: 60%
Magic:  1/7        EV:  1    Int: 14 (15) God:
Gold:   38         SH:  0    Dex:  9 (11) Spells: 3 memorised, 1 level left

rFire  . . .     SeeInvis +     d - +1 dagger
rCold  . . .     Gourm    .     (armour currently unavailable)
rNeg   + + +     Faith    .     (no shield)
rPois  +         Spirit   .     (helmet currently unavailable)
rElec  .         Dismiss  .     (cloak currently unavailable)
rCorr  .         Reflect  .     (gloves currently unavailable)
SustAt .         Harm     .     (no barding)
MR     .....     NoTele   +     (no amulet)
Stlth  +++.......               (no ring)
                                (no ring)

@: tree-form, not resistant to hostile enchantments, fairly stealthy
A: see invisible, (deformed body), (poison resistance), (slowness 0), slow
metabolism 1, spit poison 2, AC +1
a: Spit Poison


You were on level 3 of the Dungeon.
You were hungry.
You were a tree.
You visited 1 branch of the dungeon, and saw 3 of its levels.

You collected 38 gold pieces.

Inventory:

Hand Weapons
 d - a +1 dagger (weapon)
Armour
 a - a +0 robe (melded)
 k - a +0 helmet (melded)
Scrolls
 n - a scroll of immolation
 w - a scroll of enchant weapon
Potions
 g - a potion of brilliance
Books
 b - a Young Poisoner's Handbook

   Spells                             Type                      Level
   a - Sting                          Conjuration/Poison           1
   b - Cure Poison                    Poison                       2
   c - Mephitic Cloud                 Conjuration/Poison/Air       3
   d - Olgreb's Toxic Radiance        Poison                       4
   e - Venom Bolt                     Conjuration/Poison           5
Comestibles
 c - 3 bread rations
 m - a meat ration


   Skills:
 - Level 2.0 Fighting
 - Level 1.5 Dodging
 - Level 3.0 Stealth
 + Level 2.3 Spellcasting
 - Level 3.0 Conjurations
 - Level 5.3 Poison Magic


You had one spell level left.
You knew the following spells:

 Your Spells              Type           Power        Failure   Level  Hunger
a - Sting                 Conj/Pois      ##..         4%          1    #......
b - Mephitic Cloud        Conj/Pois/Air  #.......     24%         3    ###....
c - Cure Poison           Pois           ###.......   4%          2    ###....


Dungeon Overview and Level Annotations

Branches:
Dungeon (3/15)

Altars:
Makhleb


Innate Abilities, Weirdness & Mutations

You cannot wear boots.
((Your serpentine skin is tough (AC +1).))
You have supernaturally acute eyesight.
((Armour fits poorly on your strangely shaped body.))
((Your system is resistant to poisons.))
((You cover ground very slowly.))
You have a slow metabolism.
You can spit poison.


Message History

You barely miss the orc priest.
The orc priest is lightly wounded.
The orc priest casts a cantrip, but nothing happens.
The giant newt bites you.
* * * LOW HITPOINT WARNING * * *
The orc priest hits you but does no damage.
The worm bites you.
* * * LOW HITPOINT WARNING * * *
You barely miss the orc priest.
The orc priest is lightly wounded.
The orc priest hits you but does no damage.
The giant newt bites you but does no damage.
The orc priest completely misses you.
Read which item? (? for menu, Esc to quit)
Okay, then.
You hit the orc priest but do no damage.
The orc priest is lightly wounded.
The orc priest mumbles some strange prayers to Beogh against you.
Beogh smites you!
You die...

#.### ....... #....
....... ##### ......
###....###############
....................>#
.....)...........#.#.#
......o).........#.#.#
......o♣.........#.#.###
......lw.........#.#....
.................#.#####
.................#.#
.................#.#
.................#
............######
............#
...........#


You could see a worm, 2 orc priests and a giant newt.

Vanquished Creatures
  2 adders
  3 worms (D:2)
  3 dart slugs
  A giant gecko (D:1)
  3 orcs (D:3)
  7 bats
  4 giant cockroaches
  8 goblins
  6 hobgoblins
  A ball python (D:1)
  3 giant newts
  5 kobolds
  10 rats
56 creatures vanquished.

Notes
Turn   | Place    | Note
--------------------------------------------------------------
     0 | D:1      | Crag the Naga Venom Mage began the quest for the Orb.
     0 | D:1      | Reached XP level 1. HP: 15/15 MP: 3/3
   139 | D:1      | Reached skill level 1 in Conjurations
   231 | D:1      | Reached XP level 2. HP: 16/22 MP: 0/5
   583 | D:1      | Reached XP level 3. HP: 27/28 MP: 3/6
  1121 | D:1      | Learned a level 3 spell: Mephitic Cloud
  1160 | D:1      | Learned a level 2 spell: Cure Poison
  1335 | D:2      | Found a burning altar of Makhleb.
  1427 | D:2      | Reached skill level 1 in Fighting
  1513 | D:2      | Reached XP level 4. HP: 38/38 MP: 2/7
  2171 | D:3      | Killed from afar by an orc priest

Skill      XL: |  1  2  3  4 |
---------------+-------------+-----
Conjurations   | 2 3 |  3.0
Fighting       | 1 2 |  2.0
Dodging        | |  1.5
Stealth        | |  3.0
Spellcasting   | |  2.3
Poison Magic   | |  5.3

Action                   |  1- 3 |  4- 6 || total
-------------------------+-------+-------++-------
Melee: Dagger            |    71 |    40 ||   111
 Cast: Sting             |    53 |    19 ||    72
       Mephitic Cloud    |       |     2 ||     2
 Abil: Spit Poison       |    18 |     6 ||    24
  Use: Scroll            |       |    11 ||    11
       Potion            |       |     5 ||     5
 Stab: Sleeping          |     2 |       ||     2
  Eat: Chunk             |     3 |     2 ||     5
Armor: Robe              |    21 |    10 ||    31
       Skin              |       |    65 ||    65
Dodge: Dodged            |    58 |    19 ||    77
